 Dungeon Crawl Stone Soup version 0.21.1-1-g345015f (webtiles) character file.

3669 kae the Martial Artist (level 9, -4/71 HPs)
             Began as a Demonspawn Transmuter on June 14, 2018.
             Was a Follower of Makhleb.
             Slain by a killer bee (5 damage)
             ... on level 8 of the Dungeon.
             The game lasted 00:10:10 (9410 turns).

kae the Martial Artist (Demonspawn Transmuter)      Turns: 9410, Time: 00:10:11

Health: -4/71      AC:  2    Str: 12    XL:     9   Next: 89%
Magic:  14/17      EV: 25    Int: 14    God:    Makhleb [*.....]
Gold:   420        SH:  4    Dex: 21    Spells: 12/18 levels left

rFire    . . .     SeeInvis .     - Unarmed
rCold    . . .     Gourm    .   (shield currently unavailable)
rNeg     . . .     Faith    .   (armour currently unavailable)
rPois    x         Spirit   .   (helmet currently unavailable)
rElec    .         Reflect  +   (cloak currently unavailable)
rCorr    .         Harm     .   (gloves currently unavailable)
MR       .....                  (boots currently unavailable)
Stlth    ++........             s - +4 amulet of reflection
HPRegen  0.21/turn              h - ring of flight
MPRegen  0.15/turn              (no ring)

@: lethally poisoned (-4 -> -15), spider-form, very slightly contaminated
A: tiny, rugged brown scales 1, powered by death 1
a: End Transformation, Renounce Religion, Evoke Flight


You were on level 8 of the Dungeon.
You worshipped Makhleb.
Makhleb was aware of your devotion.
You were very hungry.
You were a venomous arachnid creature.
You visited 2 branches of the dungeon, and saw 10 of its levels.
You also visited: Ossuary.

You collected 420 gold pieces.

Inventory:

Missiles
 a - 125 arrows
 r - a throwing net (quivered)
Armour
 b - a +1 robe (melded)
 m - a +2 helmet (melded)
 o - a +2 pair of gloves
Jewellery
 h - a ring of flight (left front leg)
 n - a +3 ring of strength {unknown}
 s - a +4 amulet of reflection (around neck)
 y - a cursed ring of loudness {unknown}
Wands
 w - a wand of iceblast (13)
 A - a wand of scattershot (7)
 B - a wand of paralysis (8)
Scrolls
 e - a scroll of blinking
 i - 3 scrolls of teleportation
 j - 2 scrolls of amnesia
 k - a scroll of identify
 l - 4 scrolls of remove curse
 t - a scroll of enchant weapon
 D - a scroll of fear
Potions
 f - a potion of invisibility {unknown}
 g - a potion of lignification {unknown}
 p - 2 potions of degeneration {unknown}
 q - 2 potions of ambrosia {unknown}
 u - 2 potions of heal wounds
 v - a potion of mutation {unknown}
 z - a potion of curing {unknown}
 E - 3 potions of agility {unknown}
 F - a potion of haste {unknown}
Books
 c - a book of Changes

   Spells                             Type                      Level
   a - Beastly Appendage              Transmutation                1
   b - Sticks to Snakes               Transmutation                2
   c - Spider Form                    Transmutation/Poison         3
   d - Ice Form                       Ice/Transmutation            4
   e - Blade Hands                    Transmutation                5
Comestibles
 d - 4 rations


   Skills:
 + Level 5.7 Fighting
 + Level 5.4 Dodging
 * Level 8.0 Unarmed Combat
 + Level 5.4 Spellcasting
 + Level 5.4 Transmutations
 + Level 3.0 Invocations


You had 12 spell levels left.
You knew the following spells:

 Your Spells              Type           Power        Failure   Level  Hunger
a - Beastly Appendage     Tmut           ###...       8%          1    None
b - Sticks to Snakes      Tmut           ###.....     10%         2    ##.....
c - Spider Form           Tmut/Pois      ##........   36%         3    ###....


Dungeon Overview and Level Annotations

Branches:
Dungeon (9/15)             Temple (1/1) D:6
   Lair: D:8-11         Orc: D:9-12

Altars:
Ashenzari
Cheibriados
Dithmenos
Elyvilon
Fedhas
Gozag
Hepliaklqana
Makhleb
Nemelex Xobeh
Okawaru
Qazlal
Sif Muna
Trog
Uskayaw
Vehumet
Wu Jian
Xom
Yredelemnul
Zin
The Shining One

Shops:
D:4 [

Annotations:
D:3 kae's ghost, amateur DsTm
D:4 olivier's ghost, amateur DrFi


Innate Abilities, Weirdness & Mutations

((You have hoof-like feet.))
(You are partially covered in rugged brown scales. (AC +1, +3% HP))
((Your flesh is cold resistant. (rC+)))
You regenerate a little health from kills.


Message History

Unknown command.
Casting: Sticks to Snakes
Confirm with . or Enter, or press ? or * to list all spells.
You turn into a venomous arachnid creature.
Your +2 helmet melds into your body.
Your +1 robe melds into your body.
The killer bee completely misses you. The killer bee stings you!
* * * LOW HITPOINT WARNING * * *
The killer bee stings you but does no damage.
The killer bee barely misses you.
You hit the killer bee.
The killer bee is poisoned.
The killer bee is lightly wounded.
The killer bee misses you. The killer bee closely misses you.
You hit the killer bee.
The killer bee looks as sick as possible!
The killer bee is heavily wounded.
The killer bee stings you!
* * * LOW HITPOINT WARNING * * *
You are lethally poisoned!
The killer bee poisons you! The killer bee stings you.
You die...

#.......'.........'>..........
##...####.........####....####
#...## ##.......## #.......#
#....# ##.....## #.......#
#...## ##...## #.......# ###.#
##'## #.......# #.# #.#
#.......# #####.#########.#
#.......# #........<.....s####
#.......# #.###.#..###....y..#
#####.### #.#
#.#..###.......#########.# #.#
#...<....#...#...........# #.#
###..#####..############## #.#
#..#####..# #.#####.........#
#.......#######.# #########
#.#


You could see a killer bee.

Vanquished Creatures
  Pikel (D:4)
  2 hippogriffs
  Sigmund (D:3)
  A wraith (D:8)
  Menkaure (D:7)
  An ice beast (D:6)
  3 slaves (D:4)
  An ogre (D:5)
  3 phantoms
  A necrophage (D:8)
  3 centaurs
  A scorpion (D:7)
  6 wights (D:6)
  2 howler monkeys
  7 crimson imps
  3 centaur zombies (Ossuary)
  5 human zombies (D:8)
  A jelly (D:7)
  An orc wizard (D:3)
  3 orc priests
  2 hounds (D:5)
  A bullfrog skeleton (D:5)
  2 centaur skeletons
  2 human skeletons (D:8)
  An iguana (D:4)
  2 worker ants
  A killer bee zombie (D:6)
  2 big kobold zombies (Ossuary)
  6 mummies
  3 gnolls (D:5)
  9 adders
  A shadow imp (D:5)
  3 oozes
  An adder zombie (D:9)
  A worm (D:7)
  3 leopard geckos
  14 orcs
  5 giant cockroaches
  6 goblins
  9 hobgoblins
  6 jackals
  9 kobolds
  8 quokkas
  14 bats
  2 frilled lizards
  4 hobgoblin zombies (Ossuary)
  An orc zombie (D:8)
  A quokka skeleton (D:5)
  A quokka zombie (D:6)
  5 rats
172 creatures vanquished.

Vanquished Creatures (collateral kills)
  An adder (D:2)
1 creature vanquished.

Vanquished Creatures (others)
  5 dream sheep (D:4)
  A slave (D:4)
  An adder (D:2)
7 creatures vanquished.

Grand Total: 180 creatures vanquished

Notes
Turn   | Place    | Note
-------+----------+-------------------------------------------
     0 | D:1      | kae the Demonspawn Transmuter began the quest for the Orb.
     0 | D:1      | Reached XP level 1. HP: 15/15 MP: 3/3
   321 | D:1      | Lost mutation: You have claws for feet. [demonic ancestry]
   321 | D:1      | Lost mutation: You have razor-sharp toenails. [demonic ancestry]
   321 | D:1      | Lost mutation: You have sharp toenails. [demonic ancestry]
   321 | D:1      | Gained mutation: You have large cloven feet. [demonic ancestry]
   321 | D:1      | Reached XP level 2. HP: 16/21 MP: 3/5
   323 | D:1      | Reached skill level 3 in Unarmed Combat
   774 | D:1      | Reached XP level 3. HP: 19/26 MP: 6/6
   796 | D:1      | Learned a level 2 spell: Sticks to Snakes
   800 | D:1      | Learned a level 3 spell: Spider Form
  1631 | D:2      | Gained mutation: You have hoof-like feet. [demonic ancestry]
  1631 | D:2      | Reached XP level 4. HP: 33/33 MP: 7/7
  2221 | D:3      | Noticed kae's ghost (amateur DsTm)
  2333 | D:3      | Noticed Sigmund
  2351 | D:3      | Gained mutation: You regenerate a little health from kills. [demonic ancestry]
  2351 | D:3      | Reached XP level 5. HP: 35/38 MP: 5/8
  2549 | D:3      | Killed Sigmund
  2549 | D:3      | Reached skill level 4 in Unarmed Combat
  2549 | D:3      | Reached XP level 6. HP: 46/46 MP: 6/10
  2897 | D:3      | Found a glowing golden altar of the Shining One.
  3467 | D:4      | Noticed a slave
  3468 | D:4      | Noticed a slave
  3470 | D:4      | Noticed olivier's ghost (amateur DrFi)
  3471 | D:4      | Noticed a slave
  3472 | D:4      | Noticed Pikel
  3984 | D:4      | Killed a slave
  3989 | D:4      | Found Xiybuojy's Armour Shoppe.
  4257 | D:4      | Found a shimmering altar of Xom.
  4257 | D:4      | Noticed a dream sheep
  4257 | D:4      | Noticed a dream sheep
  4257 | D:4      | Noticed a dream sheep
  4257 | D:4      | Noticed a dream sheep
  4257 | D:4      | Noticed a dream sheep
  4260 | D:4      | Killed a dream sheep
  4261 | D:4      | Killed a dream sheep
  4263 | D:4      | Killed a dream sheep
  4264 | D:4      | Killed a dream sheep
  4264 | D:4      | Killed a dream sheep
  4402 | D:4      | Noticed a slave
  4410 | D:4      | Killed a slave
  4419 | D:4      | Killed a slave
  4462 | D:4      | Killed Pikel
  4462 | D:4      | Reached skill level 5 in Unarmed Combat
  4462 | D:4      | Reached XP level 7. HP: 51/53 MP: 8/12
  4655 | D:5      | Entered Level 5 of the Dungeon
  4765 | D:5      | Gained mutation: Your flesh is cold resistant. (rC+) [demonic ancestry]
  4765 | D:5      | Reached XP level 8. HP: 41/60 MP: 7/13
  5219 | D:5      | Reached skill level 6 in Unarmed Combat
  5563 | D:5      | Found a radiant altar of Vehumet.
  6213 | D:6      | Found a sand-covered staircase.
  6243 | Ossuary  | Entered an ossuary
  6762 | D:6      | Noticed a hippogriff
  6773 | D:6      | Killed a hippogriff
  6773 | D:6      | Gained mutation: You are partially covered in rugged brown scales. (AC +1, +3% HP) [demonic ancestry]
  6773 | D:6      | Reached XP level 9. HP: 43/69 MP: 9/16
  6909 | D:6      | Found a shattered altar of Ashenzari.
  6939 | D:6      | Reached skill level 7 in Unarmed Combat
  7002 | D:6      | Found a staircase to the Ecumenical Temple.
  7030 | D:6      | Reached skill level 5 in Fighting
  7156 | Temple   | Entered the Ecumenical Temple
  7217 | Temple   | Became a worshipper of Makhleb the Destroyer
  7710 | D:7      | Found a snail-covered altar of Cheibriados.
  8003 | D:7      | Reached skill level 5 in Dodging
  8003 | D:7      | Reached skill level 1 in Invocations
  8011 | D:7      | Found a hazy altar of Hepliaklqana.
  8011 | D:7      | Found a sparkling altar of Nemelex Xobeh.
  8045 | D:7      | Reached skill level 5 in Spellcasting
  8045 | D:7      | Reached skill level 5 in Transmutations
  8098 | D:7      | Noticed Menkaure
  8117 | D:7      | Killed Menkaure
  8332 | D:8      | Found a basalt altar of Yredelemnul.
  8857 | D:8      | Reached skill level 8 in Unarmed Combat
  9361 | D:9      | Noticed a two-headed ogre
  9374 | D:9      | Noticed a two-headed ogre
  9391 | D:9      | Reached * piety under Makhleb
  9410 | D:8      | HP: 1/71 [killer bee (10)]
  9410 | D:8      | Slain by a killer bee

Skill      XL: |  1  2  3  4  5  6  7  8  9 |
---------------+----------------------------+-----
Dodging        | 2 3 4 5 |  5.4
Unarmed Combat | 3 4 5 6 8 |  8.0
Transmutations | 2 3 4 5 |  5.4
Fighting       | 2 3 4 5 |  5.7
Spellcasting   | 3 4 5 |  5.4
Invocations    | 3 |  3.0

Action                   |  1- 3 |  4- 6 |  7- 9 || total
-------------------------+-------+-------+-------++-------
Melee: Unarmed           |   106 |   214 |   430 ||   750
       Kick              |    20 |    23 |    87 ||   130
       Headbutt          |     5 |       |       ||     5
       Punch             |     1 |       |    11 ||    12
 Cast: Beastly Appendage |    12 |       |       ||    12
       Sticks to Snakes  |     1 |     1 |     7 ||     9
       Spider Form       |       |    10 |    19 ||    29
  Use: Potion            |       |     2 |     3 ||     5
       Scroll            |       |       |    16 ||    16
 Stab: Sleeping          |     1 |     1 |     5 ||     7
       Held in net/web   |       |       |     1 ||     1
  Eat: Chunk             |     3 |     9 |     8 ||    20
       Ration            |       |       |     3 ||     3
Armor: Robe              |    33 |    32 |    43 ||   108
       Skin              |       |     7 |     3 ||    10
Dodge: Dodged            |    74 |   202 |   258 ||   534
Block: Other             |       |       |    28 ||    28
       Reflection        |       |       |     1 ||     1
